Stars vs Rangers
Created - February 8, 2021 at 19:08
Goals
|
| Stars |
1 |
0 |
3 |
4 |
| Rangers |
0 |
3 |
0 |
3 |
|
Shots
|
| Stars |
16 |
10 |
8 |
34 |
| Rangers |
6 |
10 |
13 |
29 |
|
1st period
1. Stars , Cam Atkinson 5 (Evgeny Grachev 18, Tyson Barrie 6) at 19:03
Penalties :
Mark Fistric (NYR) for Hooking (Minor) at 4:07, Luke Schenn (NYR) for Tripping (Minor) at 7:22, Steve Quailer (NYR) for Hooking (Minor) at 16:23, Boris Valabik (Dal) for High sticking (Double Minor) at 19:53
2nd period
2. Rangers , Kyle Okposo 14 (Dmitry Kulikov 8) at 0:36 (PP)
3. Rangers , Devante Smith-Pelly 2 (Matt Delahey 6) at 4:33
4. Rangers , Mark Fistric 1 (Jakob Silfverberg 24) at 14:34 (PP)
Penalties :
Chris Bourque (NYR) for Holding (Minor) at 5:59, Boris Valabik (Dal) for Hooking (Minor) at 14:13, Boris Valabik (Dal) for Interference (Minor) at 17:30
3rd period
5. Stars , Jussi Jokinen 23 (Shane O'Brien 11, Antoine Vermette 15) at 3:30
6. Stars , Michael Grabner 19 (John Tavares 63, Guillaume Latendresse 36) at 6:33 (PP)
7. Stars , Cory Emmerton 9 (Alexander Frolov 8, Shane O'Brien 12) at 10:29
Penalties :
Magnus Paajarvi (NYR) for Hooking (Minor) at 6:15, Guillaume Latendresse (Dal) for Hooking (Minor) at 6:54, Jakob Silfverberg (NYR) for Roughing (Minor) at 12:06, Brian Lee (Dal) for High sticking (Minor) at 17:03
Goalie Stats
Cory Schneider (Dal), 26 saves from 29 shots - (0.897), W, 17-13-0, 60:00 minutes
Frederik Andersen (NYR), 30 saves from 34 shots - (0.882), L, 14-20-3, 59:20 minutes
Players Stats for Stars
Player Name G A P +/- PIM S H SB GA TA FO MP PP MP PK MP
------------------------------------------------------------------------------------
Alex Chiasson 0 0 0 1 0 2 0 1 1 0 0/0 15:33 4:22 0:00
Alexander Frolov 0 1 1 0 0 1 2 0 0 0 1/2 12:40 0:00 2:10
Antoine Vermette 0 1 1 1 0 2 2 0 0 0 7/12 16:14 4:22 0:41
B.J. Crombeen 0 0 0 0 0 0 2 0 0 0 0/0 9:38 0:00 0:00
Boris Valabik 0 0 0 2 8 0 2 0 0 0 0/0 19:39 3:29 1:27
Brian Lee 0 0 0 0 2 1 2 3 1 0 0/0 28:02 6:44 4:24
Cam Atkinson 1 0 1 1 0 1 0 0 0 0 0/0 5:23 0:00 0:00
Cory Emmerton 1 0 1 0 0 1 0 0 1 0 1/6 10:29 0:00 0:00
Evgeny Grachev 0 1 1 1 0 2 0 0 0 0 1/2 7:18 0:00 1:54
Guillaume Latendresse 0 1 1 0 2 4 1 0 1 1 0/1 23:15 5:51 4:01
Ian White 0 0 0 0 0 2 2 2 0 1 0/0 29:05 6:44 5:07
John Tavares 0 1 1 0 0 4 2 1 2 2 16/43 24:15 5:51 5:00
Jussi Jokinen 1 0 1 1 0 7 2 0 1 0 1/1 18:18 4:22 2:26
Michael Grabner 1 0 1 0 0 3 0 0 1 1 2/2 22:13 5:51 1:48
Paul Ladue 0 0 0 0 0 0 1 2 0 2 0/0 11:53 0:00 2:27
Shane O'Brien 0 2 2 2 0 3 2 0 0 0 0/0 21:05 3:29 3:46
Ted Purcell 0 0 0 1 0 0 1 1 0 0 0/0 5:23 0:00 0:00
Tyson Barrie 0 1 1 0 0 1 0 0 0 0 0/0 10:32 0:00 0:49
Players Stats for Rangers
Player Name G A P +/- PIM S H SB GA TA FO MP PP MP PK MP
------------------------------------------------------------------------------------
Cam Barker 0 0 0 -1 0 0 0 1 1 1 0/0 28:03 4:54 5:47
Chris Bourque 0 0 0 -2 2 3 1 0 0 0 0/1 12:20 0:08 0:50
Devante Smith-Pelly 1 0 1 1 0 1 0 0 0 0 0/0 6:44 0:05 0:00
Dmitry Kulikov 0 1 1 -1 0 0 2 1 0 1 0/0 20:34 4:06 4:14
Jakob Silfverberg 0 1 1 -1 2 2 0 0 0 1 2/4 23:24 5:17 4:59
Kyle Okposo 1 0 1 0 0 8 1 1 1 0 3/3 13:23 3:35 0:00
Luke Schenn 0 0 0 -1 2 0 1 1 0 2 0/0 28:05 4:54 4:43
Magnus Paajarvi 0 0 0 1 2 0 0 0 0 0 0/0 7:29 0:00 1:08
Mark Fistric 1 0 1 -1 2 1 1 0 0 0 0/0 20:14 4:06 3:30
Matt Delahey 0 1 1 0 0 0 0 1 1 2 0/0 13:26 0:00 2:12
Maxime Sauvé 0 0 0 1 0 0 0 0 0 0 1/1 5:58 0:00 0:00
Milan Lucic 0 0 0 -1 0 2 3 0 0 0 7/10 24:28 5:17 6:04
Patrice Bergeron 0 0 0 -1 0 3 2 0 1 0 18/32 21:59 5:03 2:50
Patrik Nemeth 0 0 0 0 0 1 0 0 0 0 0/0 10:23 0:00 0:00
Rostislav Olesz 0 0 0 0 0 4 3 0 0 0 0/0 13:23 3:35 0:00
Sean Couturier 0 0 0 0 0 0 2 0 0 0 5/9 17:32 3:29 3:26
Steve Quailer 0 0 0 -2 2 3 2 1 1 0 1/2 10:43 0:31 0:00
Tomas Hertl 0 0 0 -2 0 1 1 0 2 1 3/7 11:33 0:00 1:09
3 Stars
1 - Shane O'Brien (Dal)
2 - Jussi Jokinen (Dal)
3 - Cam Atkinson (Dal)
Power Play
Stars - 1 on 6 Attempt(s) - 16.67%
Rangers - 2 on 6 Attempt(s) - 33.33%
Penalty Kill
Stars - 4 on 6 Attempt(s) - 66.67%
- Score 0 goal in Penalty Kill
Rangers - 5 on 6 Attempt(s) - 83.33%
- Score 0 goal in Penalty Kill
Team Stat
Stars - Hits : 21 - Faceoff Wins : 29 - Blocked Shots : 10 - Penalty Minutes : 12
Rangers - Hits : 19 - Faceoff Wins : 40 - Blocked Shots : 6 - Penalty Minutes : 12
Official
Referees : Unknown
Linesman : Unknown
Game Notes
No Game Note
Finance
Level 1 -- Attendance: 6000 (100.00%) -- Ticket Income $570,000
Level 2 -- Attendance: 5000 (100.00%) -- Ticket Income $300,000
Level 3 -- Attendance: 2000 (100.00%) -- Ticket Income $70,000
Level 4 -- Attendance: 3916 (97.90%) -- Ticket Income $97,900
Luxury Box -- Attendance: 914 (91.40%) -- Ticket Income $164,520
Game was played at the Madison Square Garden.
Total Attendance: 17830 (99.06%)
Total Ticket Income: $1,202,420
Other Income: $180,363
Total Income: $1,382,783
Stars
5 vs 5 Forward
Center Left Wing Right Wing Time % Phy DF OF
1 John Tavares Guillaume Latendresse Michael Grabner 40 0 2 3
2 Antoine Vermette Jussi Jokinen Alex Chiasson 30 0 2 3
3 Cory Emmerton Alexander Frolov B.J. Crombeen 20 1 2 2
4 Evgeny Grachev Ted Purcell Cam Atkinson 10 1 2 2
5 vs 5 Defense
Defense Defense Time % Phy DF OF
1 Ian White Brian Lee 40 1 2 2
2 Shane O'Brien Boris Valabik 30 1 2 2
3 Tyson Barrie Paul Ladue 20 1 2 2
4 Ian White Brian Lee 10 1 2 2
PowerPlay Forward
Center Left Wing Right Wing Time % Phy DF OF
1 John Tavares Guillaume Latendresse Michael Grabner 60 0 1 4
2 Antoine Vermette Jussi Jokinen Alex Chiasson 40 0 1 4
PowerPlay Defense
Defense Defense Time % Phy DF OF
1 Ian White Brian Lee 60 0 2 3
2 Shane O'Brien Boris Valabik 40 0 2 3
Penalty Kill 4 Players Forward
Center Wing Time % Phy DF OF
1 John Tavares Guillaume Latendresse 60 0 3 2
2 Jussi Jokinen Michael Grabner 40 0 3 2
Penalty Kill 4 Players Defense
Defense Defense Time % Phy DF OF
1 Ian White Brian Lee 60 0 3 2
2 Shane O'Brien Boris Valabik 40 0 3 2
Penalty Kill - 3 Players Forward
Forward Time % Phy DF OF
1 John Tavares 60 0 3 2
2 Guillaume Latendresse 40 0 3 2
Penalty Kill - 3 Players Defense
Defense Defense Time % Phy DF OF
1 Ian White Brian Lee 60 0 3 2
2 Shane O'Brien Boris Valabik 40 0 3 2
4 vs 4 Forward
Center Wing Time % Phy DF OF
1 John Tavares Guillaume Latendresse 60 0 2 3
2 Jussi Jokinen Michael Grabner 40 0 2 3
4 vs 4 Defense
Defense Defense Time % Phy DF OF
1 Ian White Brian Lee 60 1 2 2
2 Shane O'Brien Boris Valabik 40 1 2 2
Last Minutes Offensive
Center Left Wing Right Wing Defense Defense
John Tavares Guillaume Latendresse Michael Grabner Ian White Brian Lee
Last Minutes Defensive
Center Left Wing Right Wing Defense Defense
John Tavares Guillaume Latendresse Michael Grabner Ian White Brian Lee
Goaltenders
Starting : Cory Schneider
Backup : Matt Murray
Extra Forwards
Normal : Alexander Frolov, Cory Emmerton, Evgeny Grachev - PP : Alexander Frolov, Cory Emmerton - PK : Evgeny Grachev
Extra Defensemen
Normal : Tyson Barrie, Paul Ladue, Shane O'Brien - PP : Tyson Barrie - PK : Paul Ladue, Shane O'Brien
Penalty Shots
John Tavares, Guillaume Latendresse, Jussi Jokinen, Michael Grabner, Antoine Vermette
Scratches
Andrej Sustr (Healthy), Damien Brunner (Healthy)
Rangers
5 vs 5 Forward
Center Left Wing Right Wing Time % Phy DF OF
1 Patrice Bergeron Milan Lucic Jakob Silfverberg 40 1 2 2
2 Sean Couturier Rostislav Olesz Kyle Okposo 30 1 2 2
3 Tomas Hertl Chris Bourque Steve Quailer 20 1 2 2
4 Maxime Sauvé Magnus Paajarvi Devante Smith-Pelly 10 1 2 2
5 vs 5 Defense
Defense Defense Time % Phy DF OF
1 Luke Schenn Cam Barker 40 1 2 2
2 Mark Fistric Dmitry Kulikov 30 1 2 2
3 Patrik Nemeth Matt Delahey 20 1 2 2
4 Luke Schenn Cam Barker 10 1 2 2
PowerPlay Forward
Center Left Wing Right Wing Time % Phy DF OF
1 Patrice Bergeron Milan Lucic Jakob Silfverberg 60 1 2 2
2 Sean Couturier Rostislav Olesz Kyle Okposo 40 1 2 2
PowerPlay Defense
Defense Defense Time % Phy DF OF
1 Luke Schenn Cam Barker 60 1 2 2
2 Mark Fistric Dmitry Kulikov 40 1 2 2
Penalty Kill 4 Players Forward
Center Wing Time % Phy DF OF
1 Milan Lucic Jakob Silfverberg 60 1 2 2
2 Patrice Bergeron Sean Couturier 40 1 2 2
Penalty Kill 4 Players Defense
Defense Defense Time % Phy DF OF
1 Luke Schenn Cam Barker 60 1 2 2
2 Mark Fistric Dmitry Kulikov 40 1 2 2
Penalty Kill - 3 Players Forward
Forward Time % Phy DF OF
1 Milan Lucic 60 1 2 2
2 Jakob Silfverberg 40 1 2 2
Penalty Kill - 3 Players Defense
Defense Defense Time % Phy DF OF
1 Luke Schenn Cam Barker 60 1 2 2
2 Mark Fistric Dmitry Kulikov 40 1 2 2
4 vs 4 Forward
Center Wing Time % Phy DF OF
1 Milan Lucic Jakob Silfverberg 60 1 2 2
2 Patrice Bergeron Sean Couturier 40 1 2 2
4 vs 4 Defense
Defense Defense Time % Phy DF OF
1 Luke Schenn Cam Barker 60 1 2 2
2 Mark Fistric Dmitry Kulikov 40 1 2 2
Last Minutes Offensive
Center Left Wing Right Wing Defense Defense
Patrice Bergeron Milan Lucic Jakob Silfverberg Luke Schenn Cam Barker
Last Minutes Defensive
Center Left Wing Right Wing Defense Defense
Patrice Bergeron Milan Lucic Jakob Silfverberg Luke Schenn Cam Barker
Goaltenders
Starting : Frederik Andersen
Backup : Mike Condon
Extra Forwards
Normal : Steve Quailer, Chris Bourque, Tomas Hertl - PP : Steve Quailer, Chris Bourque - PK : Tomas Hertl
Extra Defensemen
Normal : Patrik Nemeth, Matt Delahey, Mark Fistric - PP : Patrik Nemeth - PK : Matt Delahey, Mark Fistric
Penalty Shots
Milan Lucic, Jakob Silfverberg, Patrice Bergeron, Sean Couturier, Kyle Okposo
Scratches
None
% Time on Ice - Stars
Lines # - Real PCT - Wanted PCT - Time Play
Normal Forward
1 - 34% - 40% - 13:25
2 - 29% - 30% - 11:30
3 - 24% - 20% - 9:38
4 - 13% - 10% - 5:23
Normal Defense
1 - 40% - 40% - 15:57
2 - 35% - 30% - 14:08
3 - 24% - 20% - 9:25
4 - 1% - 10% - 0:26
PP Forward
1 - 57% - 60% - 5:51
2 - 43% - 40% - 4:22
PP Defense
1 - 66% - 60% - 6:44
2 - 34% - 40% - 3:29
PK Forward
1 - 80% - 60% - 7:12
2 - 20% - 40% - 1:48
PK Defense
1 - 66% - 60% - 5:56
2 - 34% - 40% - 3:04
PK3 Forward
1 - 0% - 60%
2 - 0% - 40%
PK3 Defense
1 - 0% - 60%
2 - 0% - 40%
44 Forward
1 - 0% - 60%
2 - 0% - 40%
44 Defense
1 - 0% - 60%
2 - 0% - 40%
Last Minute Offensive - 0:00
Last Minute Defensive - 0:51
Total
Forward - 60:00
Defense - 60:00
|
% Time on Ice - Rangers
Lines # - Real PCT - Wanted PCT - Time Play
Normal Forward
1 - 35% - 40% - 13:50
2 - 27% - 30% - 10:35
3 - 24% - 20% - 9:32
4 - 15% - 10% - 5:58
Normal Defense
1 - 42% - 40% - 16:52
2 - 32% - 30% - 12:37
3 - 23% - 20% - 9:09
4 - 3% - 10% - 1:17
PP Forward
1 - 60% - 60% - 5:25
2 - 40% - 40% - 3:35
PP Defense
1 - 54% - 60% - 4:54
2 - 46% - 40% - 4:06
PK Forward
1 - 72% - 60% - 7:23
2 - 28% - 40% - 2:50
PK Defense
1 - 59% - 60% - 5:59
2 - 41% - 40% - 4:14
PK3 Forward
1 - 0% - 60%
2 - 0% - 40%
PK3 Defense
1 - 0% - 60%
2 - 0% - 40%
44 Forward
1 - 0% - 60%
2 - 0% - 40%
44 Defense
1 - 0% - 60%
2 - 0% - 40%
Last Minute Offensive - 0:52
Last Minute Defensive - 0:00
Total
Forward - 60:00
Defense - 60:00
|
Play-by-Play
1st period
0:01 of 1st period - Michael Grabner wins face-off versus Jakob Silfverberg in neutral zone.
1:54 of 1st period - Off-side.
1:55 of 1st period - Sean Couturier wins face-off versus Cory Emmerton in neutral zone.
2:45 of 1st period - Tomas Hertl is hit by John Tavares.
2:49 of 1st period - Backhand shot by Michael Grabner.
2:49 of 1st period - Shot Misses the Net.
2:51 of 1st period - Wrist shot by Michael Grabner.
2:51 of 1st period - Shot Misses the Net.
2:53 of 1st period - Snap shot by Michael Grabner.
2:53 of 1st period - Shot Blocked by Luke Schenn.
2:55 of 1st period - Snap shot by Guillaume Latendresse.
2:55 of 1st period - Stopped by Frederik Andersen without a rebound.
2:56 of 1st period - Patrice Bergeron wins face-off versus Antoine Vermette in Rangers zone.
2:56 of 1st period - Patrice Bergeron is hit by Boris Valabik.
3:12 of 1st period - Snap shot by Patrice Bergeron.
3:12 of 1st period - Stopped by Cory Schneider without a rebound.
3:13 of 1st period - Sean Couturier wins face-off versus John Tavares in Stars zone.
4:07 of 1st period - Minor Penalty to Mark Fistric for Hooking.
4:08 of 1st period - John Tavares wins face-off versus Milan Lucic in Rangers zone.
4:38 of 1st period - Wrist shot by Antoine Vermette.
4:38 of 1st period - Stopped by Frederik Andersen with a rebound.
4:40 of 1st period - Snap shot by Alex Chiasson.
4:40 of 1st period - Shot Misses the Net.
4:42 of 1st period - Snap shot by Jussi Jokinen.
4:42 of 1st period - Stopped by Frederik Andersen with a rebound.
4:44 of 1st period - Wrist shot by Antoine Vermette.
4:44 of 1st period - Deflect By Jussi Jokinen.
4:44 of 1st period - Stopped by Frederik Andersen with a rebound.
4:46 of 1st period - Snap shot by Ian White.
4:46 of 1st period - Stopped by Frederik Andersen without a rebound.
4:47 of 1st period - Milan Lucic wins face-off versus John Tavares in Rangers zone.
5:55 of 1st period - Guillaume Latendresse is hit by Sean Couturier and loses puck.
6:07 of 1st period - Penalty to Mark Fistric is over, Mark Fistric is back on ice.
6:38 of 1st period - Icing by Brian Lee.
6:39 of 1st period - Maxime Sauvé wins face-off versus Cory Emmerton in Stars zone.
7:22 of 1st period - Minor Penalty to Luke Schenn for Tripping.
7:23 of 1st period - Milan Lucic wins face-off versus John Tavares in Rangers zone.
7:34 of 1st period - Wrist shot by Guillaume Latendresse.
7:34 of 1st period - Stopped by Frederik Andersen without a rebound.
7:35 of 1st period - Milan Lucic wins face-off versus John Tavares in Rangers zone.
8:09 of 1st period - Backhand shot by Antoine Vermette.
8:09 of 1st period - Stopped by Frederik Andersen with a rebound.
8:11 of 1st period - Wrist shot by Jussi Jokinen.
8:11 of 1st period - Stopped by Frederik Andersen without a rebound.
8:12 of 1st period - Milan Lucic wins face-off versus John Tavares in Rangers zone.
8:27 of 1st period - Snap shot by John Tavares.
8:27 of 1st period - Stopped by Frederik Andersen without a rebound.
8:28 of 1st period - Antoine Vermette wins face-off versus Milan Lucic in Rangers zone.
9:22 of 1st period - Penalty to Luke Schenn is over, Luke Schenn is back on ice.
9:27 of 1st period - Slapshot by Cam Atkinson.
9:27 of 1st period - Deflect By Evgeny Grachev.
9:27 of 1st period - Stopped by Frederik Andersen with a rebound.
9:29 of 1st period - Slapshot by Shane O'Brien.
9:29 of 1st period - Stopped by Frederik Andersen with a rebound.
9:35 of 1st period - Snap shot by Cam Atkinson.
9:35 of 1st period - Shot Misses the Net.
9:45 of 1st period - Ted Purcell is hit by Patrice Bergeron and loses puck.
10:06 of 1st period - Snap shot by Patrice Bergeron.
10:06 of 1st period - Stopped by Cory Schneider without a rebound.
10:07 of 1st period - John Tavares wins face-off versus Chris Bourque in Stars zone.
11:27 of 1st period - Icing by Cam Barker.
11:28 of 1st period - Evgeny Grachev wins face-off versus Tomas Hertl in Rangers zone.
12:41 of 1st period - Icing by Mark Fistric.
12:42 of 1st period - Jussi Jokinen wins face-off versus Patrice Bergeron in Rangers zone.
12:59 of 1st period - Wrist shot by Alex Chiasson.
12:59 of 1st period - Stopped by Frederik Andersen with a rebound.
13:33 of 1st period - Luke Schenn is hit by Ted Purcell and loses puck.
13:42 of 1st period - Snap shot by Evgeny Grachev.
13:42 of 1st period - Shot Misses the Net.
14:04 of 1st period - Boris Valabik is hit by Patrice Bergeron and loses puck.
14:15 of 1st period - Snap shot by Sean Couturier.
14:15 of 1st period - Deflect By Rostislav Olesz.
14:15 of 1st period - Stopped by Cory Schneider with a rebound.
14:17 of 1st period - Slapshot by Patrik Nemeth.
14:17 of 1st period - Deflect By Rostislav Olesz.
14:17 of 1st period - Shot Misses the Net.
14:17 of 1st period - Puck is out of play.
14:18 of 1st period - Michael Grabner wins face-off versus Sean Couturier in Stars zone.
14:35 of 1st period - Wrist shot by Rostislav Olesz.
14:35 of 1st period - Shot Misses the Net.
14:37 of 1st period - Wrist shot by Kyle Okposo.
14:37 of 1st period - Stopped by Cory Schneider without a rebound.
14:38 of 1st period - Antoine Vermette wins face-off versus Patrice Bergeron in Stars zone.
14:43 of 1st period - Snap shot by Alex Chiasson.
14:43 of 1st period - Stopped by Frederik Andersen without a rebound.
14:44 of 1st period - Patrice Bergeron wins face-off versus Antoine Vermette in Rangers zone.
14:59 of 1st period - Slapshot by Antoine Vermette.
14:59 of 1st period - Shot Misses the Net.
15:01 of 1st period - Snap shot by Shane O'Brien.
15:01 of 1st period - Stopped by Frederik Andersen with a rebound.
15:15 of 1st period - Slapshot by Guillaume Latendresse.
15:15 of 1st period - Stopped by Frederik Andersen without a rebound.
15:16 of 1st period - Kyle Okposo wins face-off versus John Tavares in Rangers zone.
15:16 of 1st period - Kyle Okposo is hit by Guillaume Latendresse.
15:26 of 1st period - Snap shot by Kyle Okposo.
15:26 of 1st period - Shot Misses the Net.
15:40 of 1st period - Snap shot by Kyle Okposo.
15:40 of 1st period - Deflect By Sean Couturier.
15:40 of 1st period - Shot Misses the Net.
15:40 of 1st period - Puck is out of play.
15:41 of 1st period - Patrice Bergeron wins face-off versus Antoine Vermette in Stars zone.
16:13 of 1st period - Snap shot by Tomas Hertl.
16:13 of 1st period - Shot Hit the Post.
16:23 of 1st period - Minor Penalty to Steve Quailer for Hooking.
16:24 of 1st period - Milan Lucic wins face-off versus John Tavares in Rangers zone.
17:13 of 1st period - Icing by Brian Lee.
17:14 of 1st period - Milan Lucic wins face-off versus John Tavares in Stars zone.
18:23 of 1st period - Penalty to Steve Quailer is over, Steve Quailer is back on ice.
19:03 of 1st period - Slapshot by Cam Atkinson.
19:03 of 1st period - Goal by Cam Atkinson - Stars : 1 - Rangers : 0.
19:04 of 1st period - John Tavares wins face-off versus Patrice Bergeron in neutral zone.
19:31 of 1st period - Antoine Vermette is hit by Sean Couturier and loses puck.
19:38 of 1st period - Wrist shot by Kyle Okposo.
19:38 of 1st period - Stopped by Cory Schneider with a rebound.
19:40 of 1st period - Slapshot by Luke Schenn.
19:40 of 1st period - Shot Blocked by Alex Chiasson.
19:42 of 1st period - Wrist shot by Rostislav Olesz.
19:42 of 1st period - Stopped by Cory Schneider without a rebound.
19:43 of 1st period - Tomas Hertl wins face-off versus John Tavares in Stars zone.
19:53 of 1st period - Double Minor Penalty to Boris Valabik for High sticking.
19:54 of 1st period - John Tavares wins face-off versus Patrice Bergeron in Stars zone.
Goals for this period are 1 for Stars vs 0 for Rangers.
Shots for this period are 16 for Stars vs 6 for Rangers.
2nd period
0:01 of 2nd period - Patrice Bergeron wins face-off versus John Tavares in neutral zone.
0:06 of 2nd period - Snap shot by Cam Barker.
0:06 of 2nd period - Shot Blocked by Ian White.
0:27 of 2nd period - Icing by Jakob Silfverberg.
0:28 of 2nd period - Sean Couturier wins face-off versus John Tavares in Rangers zone.
0:32 of 2nd period - Off-side.
0:33 of 2nd period - Kyle Okposo wins face-off versus John Tavares in neutral zone.
0:36 of 2nd period - Slapshot by Dmitry Kulikov.
0:36 of 2nd period - Deflect By Kyle Okposo.
0:36 of 2nd period - Goal by Kyle Okposo - Stars : 1 - Rangers : 1.
0:37 of 2nd period - John Tavares wins face-off versus Patrice Bergeron in neutral zone.
2:20 of 2nd period - Alexander Frolov is hit by Kyle Okposo and loses puck.
2:36 of 2nd period - Penalty to Boris Valabik is over, Boris Valabik is back on ice.
2:48 of 2nd period - Wrist shot by Jussi Jokinen.
2:48 of 2nd period - Stopped by Frederik Andersen without a rebound.
2:49 of 2nd period - Cory Emmerton wins face-off versus Steve Quailer in Rangers zone.
3:03 of 2nd period - Paul Ladue is hit by Tomas Hertl and loses puck.
3:26 of 2nd period - Matt Delahey is hit by Brian Lee and loses puck.
3:41 of 2nd period - Maxime Sauvé is hit by Alexander Frolov and loses puck.
4:02 of 2nd period - Maxime Sauvé is hit by Ian White and loses puck.
4:33 of 2nd period - Slapshot by Devante Smith-Pelly.
4:33 of 2nd period - Goal by Devante Smith-Pelly - Stars : 1 - Rangers : 2.
4:34 of 2nd period - John Tavares wins face-off versus Jakob Silfverberg in neutral zone.
4:58 of 2nd period - Icing by Patrice Bergeron.
4:59 of 2nd period - Antoine Vermette wins face-off versus Sean Couturier in Rangers zone.
5:59 of 2nd period - Minor Penalty to Chris Bourque for Holding.
6:00 of 2nd period - John Tavares wins face-off versus Milan Lucic in Rangers zone.
6:06 of 2nd period - Wrist shot by John Tavares.
6:06 of 2nd period - Stopped by Frederik Andersen with a rebound.
7:02 of 2nd period - Luke Schenn is hit by Antoine Vermette and loses puck.
7:59 of 2nd period - Penalty to Chris Bourque is over, Chris Bourque is back on ice.
8:20 of 2nd period - Wrist shot by Jakob Silfverberg.
8:20 of 2nd period - Shot Blocked by Ted Purcell.
8:48 of 2nd period - Slapshot by Cam Barker.
8:48 of 2nd period - Shot Blocked by Paul Ladue.
8:50 of 2nd period - Wrist shot by Sean Couturier.
8:50 of 2nd period - Deflect By Kyle Okposo.
8:50 of 2nd period - Stopped by Cory Schneider with a rebound.
8:52 of 2nd period - Slapshot by Matt Delahey.
8:52 of 2nd period - Shot Misses the Net.
8:54 of 2nd period - Slapshot by Rostislav Olesz.
8:54 of 2nd period - Shot Misses the Net.
9:19 of 2nd period - Ian White is hit by Dmitry Kulikov and loses puck.
9:30 of 2nd period - Antoine Vermette is hit by Rostislav Olesz and loses puck.
10:44 of 2nd period - Slapshot by Tyson Barrie.
10:44 of 2nd period - Stopped by Frederik Andersen without a rebound.
10:45 of 2nd period - John Tavares wins face-off versus Tomas Hertl in Rangers zone.
11:14 of 2nd period - Matt Delahey is hit by Jussi Jokinen and loses puck.
11:43 of 2nd period - Snap shot by Milan Lucic.
11:43 of 2nd period - Shot Blocked by Paul Ladue.
12:01 of 2nd period - Slapshot by John Tavares.
12:01 of 2nd period - Stopped by Frederik Andersen without a rebound.
12:02 of 2nd period - Patrice Bergeron wins face-off versus John Tavares in Rangers zone.
12:17 of 2nd period - Slapshot by Jakob Silfverberg.
12:17 of 2nd period - Stopped by Cory Schneider without a rebound.
12:18 of 2nd period - Antoine Vermette wins face-off versus Sean Couturier in Stars zone.
12:18 of 2nd period - Antoine Vermette is hit by Mark Fistric.
12:41 of 2nd period - Icing by Alex Chiasson.
12:42 of 2nd period - Jakob Silfverberg wins face-off versus John Tavares in Stars zone.
13:19 of 2nd period - Wrist shot by Jussi Jokinen.
13:19 of 2nd period - Stopped by Frederik Andersen with a rebound.
13:26 of 2nd period - Icing by Kyle Okposo.
13:27 of 2nd period - Sean Couturier wins face-off versus Cory Emmerton in Rangers zone.
13:27 of 2nd period - Sean Couturier is hit by Ian White.
14:04 of 2nd period - Snap shot by Chris Bourque.
14:04 of 2nd period - Stopped by Cory Schneider without a rebound.
14:05 of 2nd period - Patrice Bergeron wins face-off versus Antoine Vermette in Stars zone.
14:13 of 2nd period - Minor Penalty to Boris Valabik for Hooking.
14:14 of 2nd period - Patrice Bergeron wins face-off versus John Tavares in Stars zone.
14:20 of 2nd period - Wrist shot by Patrice Bergeron.
14:20 of 2nd period - Stopped by Cory Schneider without a rebound.
14:21 of 2nd period - John Tavares wins face-off versus Patrice Bergeron in Stars zone.
14:32 of 2nd period - Snap shot by Jakob Silfverberg.
14:32 of 2nd period - Shot Blocked by Brian Lee.
14:34 of 2nd period - Backhand shot by Mark Fistric.
14:34 of 2nd period - Goal by Mark Fistric - Stars : 1 - Rangers : 3.
14:35 of 2nd period - Patrice Bergeron wins face-off versus John Tavares in neutral zone.
14:40 of 2nd period - Wrist shot by Patrice Bergeron.
14:40 of 2nd period - Shot Blocked by Brian Lee.
15:04 of 2nd period - Wrist shot by Alex Chiasson.
15:04 of 2nd period - Shot Misses the Net.
15:12 of 2nd period - Slapshot by Rostislav Olesz.
15:12 of 2nd period - Stopped by Cory Schneider with a rebound.
15:14 of 2nd period - Snap shot by Rostislav Olesz.
15:14 of 2nd period - Stopped by Cory Schneider with a rebound.
15:24 of 2nd period - Cam Barker is hit by B.J. Crombeen and loses puck.
15:51 of 2nd period - Wrist shot by John Tavares.
15:51 of 2nd period - Shot Blocked by Matt Delahey.
15:53 of 2nd period - Snap shot by Guillaume Latendresse.
15:53 of 2nd period - Stopped by Frederik Andersen with a rebound.
15:55 of 2nd period - Slapshot by Shane O'Brien.
15:55 of 2nd period - Stopped by Frederik Andersen without a rebound.
15:56 of 2nd period - Antoine Vermette wins face-off versus Patrice Bergeron in Rangers zone.
16:28 of 2nd period - Icing by Antoine Vermette.
16:29 of 2nd period - Tomas Hertl wins face-off versus Antoine Vermette in Stars zone.
16:32 of 2nd period - Wrist shot by Steve Quailer.
16:32 of 2nd period - Shot Misses the Net.
17:02 of 2nd period - Snap shot by Jussi Jokinen.
17:02 of 2nd period - Stopped by Frederik Andersen with a rebound.
17:04 of 2nd period - Slapshot by Ian White.
17:04 of 2nd period - Deflect By Mark Fistric.
17:04 of 2nd period - Stopped by Frederik Andersen without a rebound.
17:05 of 2nd period - John Tavares wins face-off versus Patrice Bergeron in Rangers zone.
17:06 of 2nd period - Wrist shot by Michael Grabner.
17:06 of 2nd period - Stopped by Frederik Andersen without a rebound.
17:07 of 2nd period - Patrice Bergeron wins face-off versus John Tavares in Rangers zone.
17:22 of 2nd period - Wrist shot by Jakob Silfverberg.
17:22 of 2nd period - Stopped by Cory Schneider with a rebound.
17:24 of 2nd period - Slapshot by Luke Schenn.
17:24 of 2nd period - Shot Blocked by John Tavares.
17:30 of 2nd period - Minor Penalty to Boris Valabik for Interference.
17:31 of 2nd period - Patrice Bergeron wins face-off versus John Tavares in Stars zone.
18:47 of 2nd period - Paul Ladue is hit by Milan Lucic.
19:30 of 2nd period - Penalty to Boris Valabik is over, Boris Valabik is back on ice.
19:36 of 2nd period - Steve Quailer is hit by Alexander Frolov.
19:47 of 2nd period - Tyson Barrie is hit by Chris Bourque and loses puck.
Goals for this period are 0 for Stars vs 3 for Rangers.
Shots for this period are 10 for Stars vs 10 for Rangers.
3rd period
0:01 of 3rd period - Patrice Bergeron wins face-off versus John Tavares in neutral zone.
0:26 of 3rd period - Sean Couturier is hit by Jussi Jokinen and loses puck.
0:49 of 3rd period - Snap shot by Evgeny Grachev.
0:49 of 3rd period - Shot Hit the Post.
0:57 of 3rd period - Wrist shot by Evgeny Grachev.
0:57 of 3rd period - Shot Blocked by Dmitry Kulikov.
0:59 of 3rd period - Slapshot by Shane O'Brien.
0:59 of 3rd period - Shot Blocked by Steve Quailer.
1:09 of 3rd period - Shane O'Brien is hit by Milan Lucic and loses puck.
2:03 of 3rd period - Rostislav Olesz is hit by Paul Ladue and loses puck.
2:36 of 3rd period - Wrist shot by Steve Quailer.
2:36 of 3rd period - Stopped by Cory Schneider with a rebound.
2:38 of 3rd period - Snap shot by Steve Quailer.
2:38 of 3rd period - Stopped by Cory Schneider with a rebound.
2:40 of 3rd period - Snap shot by Chris Bourque.
2:40 of 3rd period - Stopped by Cory Schneider without a rebound.
2:41 of 3rd period - John Tavares wins face-off versus Tomas Hertl in Stars zone.
2:41 of 3rd period - John Tavares is hit by Steve Quailer.
3:24 of 3rd period - Snap shot by Steve Quailer.
3:24 of 3rd period - Stopped by Cory Schneider without a rebound.
3:25 of 3rd period - Antoine Vermette wins face-off versus Patrice Bergeron in Stars zone.
3:30 of 3rd period - Slapshot by Shane O'Brien.
3:30 of 3rd period - Deflect By Jussi Jokinen.
3:30 of 3rd period - Goal by Jussi Jokinen - Stars : 2 - Rangers : 3.
3:31 of 3rd period - John Tavares wins face-off versus Patrice Bergeron in neutral zone.
4:00 of 3rd period - Snap shot by Kyle Okposo.
4:00 of 3rd period - Stopped by Cory Schneider without a rebound.
4:01 of 3rd period - Antoine Vermette wins face-off versus Sean Couturier in Stars zone.
4:26 of 3rd period - Matt Delahey is hit by Antoine Vermette and loses puck.
4:32 of 3rd period - Cam Barker is hit by Boris Valabik and loses puck.
4:39 of 3rd period - Jakob Silfverberg is hit by Shane O'Brien and loses puck.
5:10 of 3rd period - Snap shot by Jakob Silfverberg.
5:10 of 3rd period - Deflect By Milan Lucic.
5:10 of 3rd period - Stopped by Cory Schneider without a rebound.
5:11 of 3rd period - Sean Couturier wins face-off versus Guillaume Latendresse in Stars zone.
5:26 of 3rd period - Wrist shot by Kyle Okposo.
5:26 of 3rd period - Stopped by Cory Schneider with a rebound.
5:28 of 3rd period - Slapshot by Dmitry Kulikov.
5:28 of 3rd period - Deflect By Kyle Okposo.
5:28 of 3rd period - Stopped by Cory Schneider with a rebound.
5:38 of 3rd period - Mark Fistric is hit by B.J. Crombeen and loses puck.
6:15 of 3rd period - Minor Penalty to Magnus Paajarvi for Hooking.
6:16 of 3rd period - Jakob Silfverberg wins face-off versus John Tavares in Rangers zone.
6:31 of 3rd period - Backhand shot by John Tavares.
6:31 of 3rd period - Shot Misses the Net.
6:33 of 3rd period - Slapshot by Michael Grabner.
6:33 of 3rd period - Goal by Michael Grabner - Stars : 3 - Rangers : 3.
6:34 of 3rd period - Patrice Bergeron wins face-off versus John Tavares in neutral zone.
6:34 of 3rd period - Patrice Bergeron is hit by John Tavares.
6:54 of 3rd period - Minor Penalty to Guillaume Latendresse for Hooking.
6:55 of 3rd period - Patrice Bergeron wins face-off versus John Tavares in Stars zone.
7:20 of 3rd period - John Tavares is hit by Luke Schenn and loses puck.
8:54 of 3rd period - Penalty to Guillaume Latendresse is over, Guillaume Latendresse is back on ice.
8:57 of 3rd period - Slapshot by Brian Lee.
8:57 of 3rd period - Stopped by Frederik Andersen with a rebound.
8:59 of 3rd period - Wrist shot by Evgeny Grachev.
8:59 of 3rd period - Stopped by Frederik Andersen without a rebound.
9:00 of 3rd period - Steve Quailer wins face-off versus Evgeny Grachev in Rangers zone.
9:07 of 3rd period - Slapshot by Evgeny Grachev.
9:07 of 3rd period - Shot Misses the Net.
9:17 of 3rd period - Snap shot by Chris Bourque.
9:17 of 3rd period - Shot Misses the Net.
9:19 of 3rd period - Snap shot by Chris Bourque.
9:19 of 3rd period - Shot Misses the Net.
9:21 of 3rd period - Slapshot by Patrik Nemeth.
9:21 of 3rd period - Stopped by Cory Schneider without a rebound.
9:22 of 3rd period - John Tavares wins face-off versus Patrice Bergeron in Stars zone.
9:31 of 3rd period - Wrist shot by Michael Grabner.
9:31 of 3rd period - Deflect By John Tavares.
9:31 of 3rd period - Stopped by Frederik Andersen without a rebound.
9:32 of 3rd period - John Tavares wins face-off versus Patrice Bergeron in Rangers zone.
9:35 of 3rd period - Backhand shot by Michael Grabner.
9:35 of 3rd period - Shot Blocked by Cam Barker.
9:37 of 3rd period - Snap shot by Guillaume Latendresse.
9:37 of 3rd period - Deflect By Michael Grabner.
9:37 of 3rd period - Shot Misses the Net.
9:37 of 3rd period - Puck is out of play.
9:38 of 3rd period - Patrice Bergeron wins face-off versus John Tavares in Rangers zone.
10:29 of 3rd period - Snap shot by Cory Emmerton.
10:29 of 3rd period - Goal by Cory Emmerton - Stars : 4 - Rangers : 3.
10:30 of 3rd period - Patrice Bergeron wins face-off versus John Tavares in neutral zone.
10:45 of 3rd period - Luke Schenn is hit by Brian Lee and loses puck.
10:56 of 3rd period - Wrist shot by Jussi Jokinen.
10:56 of 3rd period - Shot Blocked by Kyle Okposo.
11:08 of 3rd period - Slapshot by Rostislav Olesz.
11:08 of 3rd period - Shot Misses the Net.
11:18 of 3rd period - Dmitry Kulikov is hit by Shane O'Brien and loses puck.
11:30 of 3rd period - Off-side.
11:31 of 3rd period - Patrice Bergeron wins face-off versus John Tavares in neutral zone.
11:42 of 3rd period - Wrist shot by Milan Lucic.
11:42 of 3rd period - Stopped by Cory Schneider without a rebound.
11:43 of 3rd period - Patrice Bergeron wins face-off versus John Tavares in Stars zone.
11:48 of 3rd period - Wrist shot by Milan Lucic.
11:48 of 3rd period - Shot Misses the Net.
11:55 of 3rd period - Off-side.
11:56 of 3rd period - John Tavares wins face-off versus Patrice Bergeron in neutral zone.
12:06 of 3rd period - Minor Penalty to Jakob Silfverberg for Roughing.
12:07 of 3rd period - Milan Lucic wins face-off versus John Tavares in Rangers zone.
12:13 of 3rd period - Wrist shot by Michael Grabner.
12:13 of 3rd period - Stopped by Frederik Andersen with a rebound.
12:15 of 3rd period - Slapshot by Ian White.
12:15 of 3rd period - Shot Misses the Net.
12:33 of 3rd period - Alex Chiasson is hit by Milan Lucic.
14:06 of 3rd period - Penalty to Jakob Silfverberg is over, Jakob Silfverberg is back on ice.
14:15 of 3rd period - Jussi Jokinen is hit by Rostislav Olesz.
14:51 of 3rd period - Wrist shot by Cory Emmerton.
14:51 of 3rd period - Shot Misses the Net.
14:53 of 3rd period - Slapshot by Alexander Frolov.
14:53 of 3rd period - Stopped by Frederik Andersen without a rebound.
14:54 of 3rd period - Kyle Okposo wins face-off versus Cory Emmerton in Rangers zone.
15:46 of 3rd period - Shane O'Brien is hit by Steve Quailer and loses puck.
16:19 of 3rd period - Alex Chiasson is hit by Rostislav Olesz and loses puck.
16:46 of 3rd period - Slapshot by Sean Couturier.
16:46 of 3rd period - Shot Misses the Net.
16:52 of 3rd period - Snap shot by Sean Couturier.
16:52 of 3rd period - Deflect By Kyle Okposo.
16:52 of 3rd period - Stopped by Cory Schneider without a rebound.
16:53 of 3rd period - Tomas Hertl wins face-off versus Cory Emmerton in Stars zone.
17:03 of 3rd period - Minor Penalty to Brian Lee for High sticking.
17:04 of 3rd period - John Tavares wins face-off versus Patrice Bergeron in Stars zone.
17:16 of 3rd period - Slapshot by Guillaume Latendresse.
17:16 of 3rd period - Shot Misses the Net.
18:52 of 3rd period - Ian White is hit by Dmitry Kulikov and loses puck.
19:03 of 3rd period - Penalty to Brian Lee is over, Brian Lee is back on ice.
19:20 of 3rd period - Rangers, Frederik Andersen is pulled from the net.
19:24 of 3rd period - Snap shot by Tomas Hertl.
19:24 of 3rd period - Shot Blocked by Ian White.
19:26 of 3rd period - Backhand shot by Chris Bourque.
19:26 of 3rd period - Shot Misses the Net.
19:28 of 3rd period - Snap shot by Tomas Hertl.
19:28 of 3rd period - Stopped by Cory Schneider without a rebound.
19:29 of 3rd period - Michel Therrien call a timeout for Rangers.
19:29 of 3rd period - Patrice Bergeron wins face-off versus Alexander Frolov in Stars zone.
19:42 of 3rd period - Snap shot by Chris Bourque.
19:42 of 3rd period - Shot Blocked by Brian Lee.
19:46 of 3rd period - Wrist shot by Chris Bourque.
19:46 of 3rd period - Stopped by Cory Schneider without a rebound.
19:47 of 3rd period - Alexander Frolov wins face-off versus Tomas Hertl in Stars zone.
19:54 of 3rd period - Snap shot by Michael Grabner.
19:54 of 3rd period - Shot Misses the Net.
Goals for this period are 3 for Stars vs 0 for Rangers.
Shots for this period are 8 for Stars vs 13 for Rangers.